 Dungeon Crawl Stone Soup version 0.23-a0-844-gdc03e01 (console) character file.

46 bli the Shield-Bearer (level 3, -6/30 HPs)
             Began as a Formicid Fighter on Jan 26, 2019.
             Mangled by a gnoll
             ... wielding a cursed -1 spear
              (9 damage)
             ... on level 2 of the Dungeon.
             The game lasted 00:03:46 (896 turns).

bli the Shield-Bearer (Formicid Fighter)             Turns: 896, Time: 00:03:47

Health: -6/30      AC:  5    Str: 20    XL:     3   Next: 95%
Magic:  3/3        EV:  9    Int:  7    God:
Gold:   47         SH:  9    Dex: 11    Spells: 2/2 levels left

rFire    . . .     SeeInvis +   a - +0 long sword
rCold    . . .     Gourm    .   c - +0 shield
rNeg     . . .     Faith    .   h - +0 ring mail (curse)
rPois    .         Spirit   .   (helmet unavailable)
rElec    .         Reflect  .   (no cloak)
rCorr    .         Harm     .   (no gloves)
MR       .....                  (no boots)
Stlth    +.........             (no amulet)
HPRegen  0.10/turn              (no ring)
MPRegen  0.08/turn              (no ring)

@: no status effects
A: permanent stasis, dig shafts and tunnels, four strong arms, antennae 3
a: Dig, Shaft Self


You were on level 2 of the Dungeon.
You were not hungry.

You visited 1 branch of the dungeon, and saw 2 of its levels.

You collected 47 gold pieces.

Inventory:

Hand Weapons
 a - a +0 long sword (weapon)
 b - a +0 hunting sling
Missiles
 j - 42 stones (quivered)
Armour
 c - a +0 shield (worn)
 h - a cursed +0 ring mail (worn)
 i - a +0 scale mail
Scrolls
 e - a scroll of teleportation {unknown}
 k - 3 scrolls of identify {unknown}
 n - 3 scrolls of enchant armour {unknown}
 o - a scroll of magic mapping {unknown}
 q - 3 scrolls of remove curse {unknown}
Potions
 d - a potion of might
 l - a potion of heal wounds {unknown}
 m - a potion of haste {unknown}
 p - a potion of flight {unknown}
Comestibles
 f - 3 rations
 g - 3 chunks of flesh


   Skills:
 + Level 3.6 Fighting
 * Level 2.9 Long Blades
 + Level 3.7 Armour
 + Level 0.3 Dodging
 - Level 4.0 Shields


You had 2 spell levels left.
You didn't know any spells.
Your spell library was empty.

Dungeon Overview and Level Annotations

Branches:
Dungeon (2/15)

Altars:


Innate Abilities, Weirdness & Mutations

You cannot be hasted, slowed, berserked, paralysed or teleported.
You can dig through walls and to a lower floor.
Your four strong arms can wield two-handed weapons with a shield.
You have a pair of large antennae on your head. (SInv)


Message History

The hobgoblin shouts!
A gnoll comes into view. It is wielding a -1 spear.
A gnoll comes into view. It is wielding a +0 halberd.
The gnoll shouts! x2
A dart slug comes into view.
Found 16 gold pieces.
A gnoll comes into view.
The gnoll shouts!
The dart slug launches a dart at you. The slug dart misses you.
The hobgoblin hits you with a +0 club. You block the gnoll's attack.
You block the gnoll's attack. The dart slug launches a dart at you.
The slug dart misses you. You block the gnoll's attack.
You closely miss the gnoll. The gnoll hits you but does no damage.
The hobgoblin closely misses you.
The gnoll hits you with a cursed -1 spear!
* * * LOW HITPOINT WARNING * * *
You block the gnoll's attack.
You closely miss the gnoll. The hobgoblin barely misses you.
The gnoll hits you with a cursed -1 spear!
You die...

##...###.####
#>...........
#....##...... #....
#....##.....# #....
#....##.....# #....
#....##.....# #....
#............
####...##+##....########
...w.g.....#....#
#....gg...#....#
#.....@..$#.####### ###
#.....g...#........ ...
#.........#.####### ###
.......##.##.#
#######......#
..........# ####......#
#......# .... #.......
..... ##..#...# .....
#..#...# .....


You could see 3 gnolls, a dart slug and a hobgoblin.

Vanquished Creatures
  An adder (D:2)
  A worm (D:2)
  A dart slug (D:1)
  3 leopard geckos
  5 bats
  2 giant cockroaches (D:1)
  4 hobgoblins
  2 frilled lizards
  3 goblins (D:1)
  A kobold (D:2)
  6 rats
29 creatures vanquished.

Notes
Turn   | Place    | Note
-------+----------+-------------------------------------------
     0 | D:1      | bli the Formicid Fighter began the quest for the Orb.
     0 | D:1      | Reached XP level 1. HP: 18/18 MP: 1/1
    13 | D:1      | Reached skill level 4 in Shields
    13 | D:1      | Reached XP level 2. HP: 17/24 MP: 2/2
   353 | D:1      | Reached XP level 3. HP: 29/29 MP: 3/3
   896 | D:2      | Mangled by a gnoll

Vault maps used:
D:1:      minmay_arrival_arboretum_small
D:2:      lemuel_round_altar, gammafunk_temple_overflow_statue

Skill      XL: |  1 |
---------------+----+-----
Shields        | 4 |  4.0
Fighting       | |  3.6
Long Blades    | |  2.9
Armour         | |  3.7
Dodging        | |  0.3

Action                   || total
-------------------------++-------
Melee: Long sword        ||   114
 Abil: Dig               ||     2
Armor: Scale mail        ||     5
       Ring mail         ||    54
Dodge: Dodged            ||    67
Block: Shield            ||    66
       Rpst.: Long sword ||    21

Table legend:
 A = Non-vault XP
 B = Vault XP
 C = Vault XP percentage of total XP
 D = Non-vault monster count
 E = Vault monster count
 F = Vault count percentage of total count
                 A         B        C        D         E       F
            +---------+---------+-------+---------+---------+-------
      Total |      67 |       0 |   0.0 |      29 |       0 |   0.0
            +---------+---------+-------+---------+---------+-------
        D:1 |      36 |       0 |   0.0 |      19 |       0 |   0.0
        D:2 |      31 |       0 |   0.0 |      10 |       0 |   0.0
            +---------+---------+-------+---------+---------+-------
